 Dungeon Crawl Stone Soup version 0.28.0-47-ge53b351184 (webtiles) character file.

Game seed: 8571684296362869010

1431 101zpm the Thaumaturge (level 9, -1/55 HPs)
             Began as a Djinni Fire Elementalist on Apr 30, 2022.
             Engulfed by a cloud of flame (7 damage)
             ... on level 7 of the Dungeon.
             The game lasted 00:18:48 (7965 turns).

101zpm the Thaumaturge (Djinni Fire Elementalist)   Turns: 7965, Time: 00:18:48

Health: -1/55      AC:  2    Str:  7    XL:     9   Next: 3%
Gold:   286        EV: 12    Int: 22    God:
                   SH:  0    Dex: 13

rFire   + + .      SeeInvis .   (no weapon)
rCold   x . .      Faith    .   (no shield)
rNeg    . . .      Spirit   .   a - +0 robe
rPois   ∞          Reflect  .   (no helmet)
rElec   .          Harm     .   o - scarf {repulsion}
rCorr   .          Rampage  .   (no gloves)
Will    .....                   (boots unavailable)
Stlth   ++........              (no amulet)
HPRegen 0.18/turn               (no ring)
MPRegen 0.00/turn               (no ring)

@: flying, repel missiles
A: sickness immunity, fire resistance 2, cold vulnerability 1, float, innate
caster, HP casting, extra vitality 1
a: no special abilities


You were on level 7 of the Dungeon.
You visited 1 branch of the dungeon, and saw 7 of its levels.

You collected 286 gold pieces.

Inventory:

Missiles
 n - a throwing net
Armour
 a - a +0 robe (worn)
 o - a scarf of repulsion (worn)
Magical Staves
 r - a staff of conjuration
Wands
 g - a wand of flame (52)
 k - a wand of iceblast (7)
Scrolls
 d - 11 scrolls of identify {unknown}
 i - a scroll of fear {unknown}
 j - 2 scrolls of enchant weapon {unknown}
 l - a scroll of teleportation {unknown}
 p - a scroll of silence {unknown}
 q - a scroll of magic mapping {unknown}
 t - a scroll of blinking {unknown}
 u - a scroll of noise {unknown}
Potions
 b - a potion of resistance {unknown}
 c - a potion of ambrosia {unknown}
 e - 2 potions of attraction {unknown}
 f - 2 potions of curing {unknown}
 h - 3 potions of mutation {unknown}
 m - 3 potions of degeneration {unknown}
 s - 2 potions of heal wounds {unknown}
 v - a potion of haste {unknown}


   Skills:
 + Level 0.1 Fighting
 + Level 2.7 Dodging
 + Level 2.7 Stealth
 + Level 8.1 Spellcasting


You had one spell level left.
You knew the following spells:

 Your Spells              Type           Power      Damage    Failure   Level
a - Foxfire               Conj/Fire      100%       2x1d9     1%          1
b - Scorch                Fire           90%        2d9       1%          2
c - Conjure Flame         Conj/Fire      45%        6-21      1%          3
d - Inner Flame           Hex/Fire       45%        N/A       1%          3
e - Flame Wave            Conj/Fire      45%        2d10      2%          4
f - Beastly Appendage     Tmut           90%        N/A       1%          1
g - Ensorcelled Hibernat  Hex/Ice        90%        N/A       1%          2
h - Gell's Gravitas       Tloc           45%        N/A       1%          3
i - Animate Armour        Summ/Erth      90%        N/A       2%          4
Your spell library was empty.

Dungeon Overview and Level Annotations

Branches:
Dungeon (7/15)             Temple (0/1) D:6

Altars:
Ashenzari
Dithmenos
Elyvilon
Qazlal

Shops:
D:5 (   D:6 [


Innate Abilities, Weirdness & Mutations

You are immune to sickness and miasma.
You are immune to poison.
Your flesh is very heat resistant. (rF++)
You are vulnerable to cold. (rC-)
You float through the air rather than walking.
You learn spells naturally, not from books.
Your magical power is your life essence.
You have superior vitality. (+4 MHP)


Message History

Casting: Foxfire (safe; 1% risk of failure)
Confirm with . or Enter, or press ? or * to list all spells.
Aiming: Inner Flame (safe; 1% risk of failure)
Press: ? - help, Dir - move target, f - hornet
Aim: a hornet (ally target, chance to affect: 87%)
The hornet barely resists.
A centaur zombie comes into view.
You conjure some foxfire!
Casting: Foxfire (safe; 1% risk of failure)
Confirm with . or Enter, or press ? or * to list all spells.
Aiming: Inner Flame (safe; 1% risk of failure)
Press: ? - help, Dir - move target, f - hornet
Aim: a hornet (ally target, chance to affect: 87%)
The hornet is filled with an inner flame.
The foxfire hits the hornet.
Flame seeps out of the hornet.
The hornet is lightly wounded.
The hornet is engulfed in blazing flames.
Flame seeps out of the hornet.
The hornet misses you.
An ogre comes into view. It is wielding a +0 giant spiked club.
You conjure some foxfire!
Your foxfire dissipates!
The hornet is engulfed in blazing flames.
Flame seeps out of the hornet.
The hornet stings you!
The hornet is engulfed in blazing flames.
Flame seeps out of the hornet.
The hornet stings you!
* * * LOW HITPOINT WARNING * * *
Your foxfire dissipates!
The foxfire hits the hornet.
Flame seeps out of the hornet.
The hornet is severely wounded.
Casting: Foxfire (safe; 1% risk of failure)
Confirm with . or Enter, or press ? or * to list all spells.
Flames lash the hornet.
* * * LOW HITPOINT WARNING * * *
The hornet explodes!
The fiery explosion engulfs your foxfire.
Your foxfire completely resists.
The fiery explosion engulfs you! You resist.
* * * LOW HITPOINT WARNING * * *
You are engulfed in blazing flames.
You resist.
You die...

#..#...........
#..#.##..######
..#.##..######..
O.#.##........#
#.#......####.#
#.####.....#
##§####..)..# #
+§v§§##.....##+#.#
##v#@##.....#....#
#.....Z#.##.....#....#
......###.##..........#
...... #.##......###.##
..... #.#####........
##... #.##........#.#
+.. #.##........#.###
#.. #.##.............
#.######'#+#..###.


There were no monsters in sight!

Vanquished Creatures
  A hornet (D:7)
  Duvessa (D:5)
  A sky beast (D:5)
  An orc warrior (D:6)
  An ice beast (D:6)
  A necrophage (D:6)
  An ogre (D:5)
  A kobold brigand (D:7)
  A scorpion (D:6)
  A wyvern skeleton (D:6)
  Dowan (D:5)
  2 water moccasin skeletons (D:4)
  A hound (D:6)
  4 jellies
  An orc priest (D:6)
  2 bullfrog skeletons
  An orc wizard (D:2)
  An iguana (D:6)
  Natasha (thrice) (D:2)
  A hound skeleton (D:4)
  A howler monkey zombie (D:6)
  8 adders
  A shadow imp (D:6)
  A white imp (D:7)
  An adder skeleton (D:5)
  A worm (D:2)
  2 dart slugs
  15 orcs
  2 endoplasms
  A giant cockroach (D:1)
  7 goblins
  2 hobgoblins (D:2)
  2 jackals (D:1)
  12 kobolds
  A quokka (D:1)
  4 ball pythons
  3 bats
  5 frilled lizards
  2 rats
98 creatures vanquished.

Vanquished Creatures (others)
  519 foxfires
519 creatures vanquished.

Grand Total: 617 creatures vanquished

Notes
Turn   | Place    | Note
-------+----------+-------------------------------------------
     0 | D:1      | 101zpm the Djinni Fire Elementalist began the quest for the
                  | Orb.
     0 | D:1      | Reached XP level 1. HP: 15/15 MP: 0/0
   802 | D:1      | Reached XP level 2. HP: 15/21 MP: 0/0
  1432 | D:2      | Noticed Natasha
  1436 | D:2      | Killed Natasha
  1437 | D:2      | Reached skill level 3 in Spellcasting
  1437 | D:2      | Reached XP level 3. HP: 11/25 MP: 0/0
  1437 | D:2      | Learned a level 1 spell: Beastly Appendage
  1908 | D:2      | Reached XP level 4. HP: 19/31 MP: 0/0
  2493 | D:3      | Reached XP level 5. HP: 30/35 MP: 0/0
  2493 | D:3      | Learned a level 2 spell: Ensorcelled Hibernation
  2805 | D:2      | Noticed Natasha
  2809 | D:2      | Killed Natasha
  2810 | D:2      | Reached skill level 4 in Spellcasting
  3037 | D:2      | Noticed Natasha
  3048 | D:2      | Killed Natasha
  3323 | D:2      | Found a faded altar of an unknown god.
  3966 | D:4      | Reached XP level 6. HP: 35/40 MP: 0/0
  4109 | D:4      | Reached skill level 5 in Spellcasting
  4652 | D:4      | Found a stormy altar of Qazlal.
  4797 | D:4      | Found a white marble altar of Elyvilon.
  4824 | D:5      | Entered Level 5 of the Dungeon
  5039 | D:5      | Found a broken altar of Ashenzari.
  5335 | D:5      | Found Uqioruda's Weapon Emporium.
  5367 | D:5      | Noticed Duvessa
  5368 | D:5      | Noticed Dowan
  5372 | D:5      | Killed Duvessa
  5373 | D:5      | Reached XP level 7. HP: 32/45 MP: 0/0
  5373 | D:5      | Learned a level 3 spell: Gell's Gravitas
  5381 | D:5      | Killed Dowan
  5608 | D:5      | Reached skill level 6 in Spellcasting
  6094 | D:6      | Reached XP level 8. HP: 46/50 MP: 0/0
  6573 | D:6      | Reached skill level 7 in Spellcasting
  6875 | D:6      | Found a shadowy altar of Dithmenos.
  7236 | D:6      | Found a staircase to the Ecumenical Temple.
  7278 | D:6      | Found Ygev's Armour Emporium.
  7697 | D:7      | Reached skill level 8 in Spellcasting
  7874 | D:7      | Reached XP level 9. HP: 49/55 MP: 0/0
  7874 | D:7      | Learned a level 4 spell: Animate Armour
  7958 | D:7      | Noticed a hornet
  7965 | D:7      | Killed a hornet
  7965 | D:7      | Engulfed by a cloud of flame

Illustrated notes

Levels and vault maps discovered:
D:1:      giann_wishing_wells, layout_loops_corners, fountainhead
D:2:      layout_loops_cross, hellmonk_ecumenical_altar_crossroads,
          palyth_stone_intersect, feat_on_display, uniq_natasha
D:3:      layout_loops_ring, grunt_ministairs_13
D:4:      layout_loops_corners, nicolae_qazlal_eye_of_the_storm,
          lemuel_tele_altar
D:5:      layout_gridville, nicolae_overflow_hidden_temple, serial_shops,
          nicolae_shop_bloodbath_and_beyond, uniq_duvessa
D:6:      layout_gridville, grunt_dithmenos_smoke, temple_hall, serial_shops,
          nicolae_stop_n_shop_1, minmay_misc_feat_diagonals
D:7:      layout_basic

Skill      XL: |  1  2  3  4  5  6  7  8 |
---------------+-------------------------+-----
Spellcasting   | 3 4 5 6 8 |  8.1
Stealth        | 2 |  2.7
Fighting       | |  0.1
Dodging        | |  2.7

Action                   |  1- 3 |  4- 6 |  7- 9 || total
-------------------------+-------+-------+-------++-------
Melee: Unarmed           |     5 |     6 |       ||    11
       Headbutt          |       |     1 |       ||     1
 Cast: Foxfire           |    69 |   139 |   125 ||   333
       Scorch            |     4 |     1 |     3 ||     8
       Inner Flame       |     6 |    13 |    25 ||    44
       Beastly Appendage |       |     2 |       ||     2
       Gell's Gravitas   |       |       |     1 ||     1
Armor: Robe              |     2 |     2 |       ||     4
Dodge: Dodged            |    11 |     7 |     4 ||    22
